 Dungeon Crawl Stone Soup version 0.27-a0-1431-gcffa5a9b16 (webtiles) character file.

Game seed: 17697571738200531988

81 pyrow613 the Conjurer (level 4, -22/35 HPs)
             Began as a Demigod Conjurer on July 2, 2021.
             Blown up by Ijyb (26 damage)
             ... with a mindburst bolt
             ... on level 3 of the Dungeon.
             The game lasted 00:06:56 (2555 turns).

pyrow613 the Conjurer (Demigod Conjurer)            Turns: 2555, Time: 00:06:56

Health: -22/35     AC:  3    Str: 12    XL:     4   Next: 0%
Magic:  2/10       EV: 12    Int: 20    God:
Gold:   146        SH:  0    Dex: 12    Spells: 4/7 levels left

rFire    . . .     SeeInvis .   b - +0 hunting sling
rCold    . . .     Faith    .   (no shield)
rNeg     . . .     Spirit   .   d - +0 robe
rPois    .         Reflect  .   l - +0 helmet
rElec    .         Harm     .   (no cloak)
rCorr    .         Rampage  .   (no gloves)
Will     .....                  (no boots)
Stlth    ++........             (no amulet)
HPRegen  0.11/turn              (no ring)
MPRegen  0.12/turn              (no ring)

@: no status effects
A: high mp 1, forlorn
a: no special abilities


You were on level 3 of the Dungeon.
You visited 1 branch of the dungeon, and saw 3 of its levels.

You collected 146 gold pieces.

Inventory:

Hand Weapons
 a - a +1 dagger of venom
 b - a +0 hunting sling (weapon)
 o - a +5 dagger of holy wrath
Missiles
 c - 89 stones (quivered ammo)
Armour
 d - a +0 robe (worn)
 l - a +0 helmet (worn)
Wands
 h - a wand of polymorph (11)
Scrolls
 e - a scroll of magic mapping {unknown}
 f - a scroll of immolation {unknown}
 g - a scroll of teleportation {unknown}
 i - a scroll of brand weapon {unknown}
 k - a scroll of blinking {unknown}
Potions
 j - a potion of berserk rage {unknown}
 m - a potion of mutation {unknown}
 n - a potion of heal wounds {unknown}


   Skills:
 + Level 1.2 Fighting
 - Level 1.8 Dodging
 - Level 1.8 Stealth
 + Level 2.3 Spellcasting
 * Level 4.6 Conjurations


You had 4 spell levels left.
You knew the following spells:

 Your Spells              Type           Power      Damage    Failure   Level
a - Magic Dart            Conj           80%        1d7       2%          1
b - Searing Ray           Conj           40%        3d4       3%          2

Your spell library contained the following spells:

 Spells                   Type           Power      Damage    Failure   Level
 Foxfire                  Conj/Fire      44%        2x1d6     6%          1
 Conjure Flame            Conj/Fire      11%        6-21      19%         3
 Dazzling Flash           Conj/Hex       22%        N/A       19%         3
 Inner Flame              Hex/Fire       2%         N/A       43%         3
 Fulminant Prism          Conj/Hex       5%         3d7       52%         4
 Iskenderun's Mystic Bla  Conj/Tloc      11%        2d4       52%         4


Dungeon Overview and Level Annotations

Branches:
Dungeon (3/15)

Shops:
D:3 !

Annotations:
D:3 Ijyb


Innate Abilities, Weirdness & Mutations

Your attributes grow dramatically as you level up.
You have an increased reservoir of magic. (+10% MP)
You shall have no god before yourself.


Message History

You shoot a stone. The stone closely misses Ijyb.
You shoot a stone. The stone barely misses Ijyb.
Casting: Searing Ray (safe; 3% risk of failure)
Confirm with . or Enter, or press ? or * to list all spells.
Aiming: Searing Ray (safe; 3% risk of failure)
Press: ? - help, Shift-Dir - straight line, f/p - Ijyb
Aim: Ijyb, wielding a +0 dagger, wearing a +0 leather armour of cold resistance and carrying a wand of mindburst (14) (72% to hit)
The searing ray hits Ijyb.
Ijyb is lightly wounded. (Press . to maintain the ray.)
The searing ray hits Ijyb.
Ijyb is heavily wounded.
The searing ray hits Ijyb.
Ijyb is severely wounded.
The searing ray misses Ijyb.
You finish channeling your searing ray.
Ijyb zaps a wand.
Your mind is blasted!
Ouch! That really hurt!
* * * LOW HITPOINT WARNING * * *
Unknown command.
Unknown command.
Casting: Searing Ray (safe; 3% risk of failure)
Confirm with . or Enter, or press ? or * to list all spells.
You don't know that spell.
Unknown command.
Unknown command.
Casting: Searing Ray (safe; 3% risk of failure)
Confirm with . or Enter, or press ? or * to list all spells.
Aiming: Searing Ray (safe; 3% risk of failure)
Press: ? - help, Shift-Dir - straight line, f/p - Ijyb
Aim: Ijyb, wielding a +0 dagger, wearing a +0 leather armour of cold resistance and carrying a wand of mindburst (13) (severely wounded, 72% to hit)
The searing ray misses Ijyb. (Press . to maintain the ray.) Ijyb screams, "No!
No, no, no, no!"
Ijyb hits you with a +0 dagger.
* * * LOW HITPOINT WARNING * * *
The searing ray hits Ijyb.
Ijyb is almost dead.
Ijyb zaps a wand.
Your mind is blasted!
Ouch! That really hurt!
You die...

#.# #.# #.# #.# #.#
#.# #.# #)# #.# #.#
#.# . #.#########.##
..
#............##.#..#
#...........@g.....(
#.#########........(
#.# #.......... #.#
#..###.#.## #.# #..#
.# # #.# #..# # #.#
#..# ####.# #..#
#....# #..#


You could see Ijyb.

Vanquished Creatures
  Robin (D:2)
  A worm (D:3)
  2 dart slugs (D:1)
  3 bats
  5 endoplasms
  A giant cockroach (D:2)
  13 goblins
  9 hobgoblins
  4 jackals (D:2)
  5 quokkas
  3 ball pythons
  A frilled lizard (D:1)
  4 kobolds
  2 rats
54 creatures vanquished.

Notes
Turn   | Place    | Note
-------+----------+-------------------------------------------
     0 | D:1      | pyrow613 the Demigod Conjurer began the quest for the Orb.
     0 | D:1      | Reached XP level 1. HP: 14/14 MP: 5/5
   218 | D:1      | Reached skill level 4 in Conjurations
   303 | D:1      | Reached XP level 2. HP: 20/20 MP: 4/7
   677 | D:1      | Learned a level 2 spell: Searing Ray
  1540 | D:2      | Reached XP level 3. HP: 21/27 MP: 8/8
  2075 | D:2      | Reached skill level 1 in Fighting
  2097 | D:2      | Noticed Robin
  2106 | D:2      | Killed Robin
  2451 | D:3      | Found Zesutogh's Distillery.
  2464 | D:3      | Reached XP level 4. HP: 31/35 MP: 5/10
  2546 | D:3      | Noticed Ijyb
  2555 | D:3      | Blown up by Ijyb

Illustrated notes

Levels and vault maps discovered:
D:1:      dpeg_arrival_morbid_curiosity, layout_loops_ring
D:2:      layout_basic, kennysheep_big_empty_room, uniq_robin
D:3:      layout_loops_ring, serial_shops, shop, ebering_ghost_reflecting_pool,
          uniq_ijyb

Skill      XL: |  1  2  3 |
---------------+----------+-----
Conjurations   | 4 |  4.6
Spellcasting   | 2 |  2.3
Fighting       | 1 |  1.2
Dodging        | |  1.8
Stealth        | |  1.8

Action                   |  1- 3 |  4- 6 || total
-------------------------+-------+-------++-------
Melee: Whip              |     1 |       ||     1
       Dagger            |     1 |       ||     1
 Fire: Hunting sling     |    65 |     3 ||    68
 Cast: Magic Dart        |    48 |       ||    48
       Searing Ray       |     5 |     2 ||     7
 Stab: Sleeping          |     1 |       ||     1
Armor: Robe              |     9 |       ||     9
Dodge: Dodged            |    15 |       ||    15

Table legend: (Time is in decaauts)
 A = Elapsed time spent in this place.
 B = Non-inter-level travel time spent in this place.
 C = Inter-level travel time spent in this place.
 D = Time resting spent in this place.
 E = Time spent auto-exploring this place.
 F = Levels seen in this place.
 G = Mean time per level.
                   A        B        C        D        E       F      G
               +--------+--------+--------+--------+--------+-----+--------+
         Total |   2565 |   2484 |     81 |    101 |   2035 |   3 |  855.0 |
       Dungeon |   2565 |   2484 |     81 |    101 |   2035 |   3 |  855.0 |
               +--------+--------+--------+--------+--------+-----+--------+

Top non-repeatable levels by time:
     D:1: 1349 daAuts
     D:2: 1076 daAuts
     D:3: 139 daAuts
